 Dungeon Crawl Stone Soup version 0.16.1-12-gf5c4a84 (webtiles) character file.

564 RepoMan the Slasher (level 7, -1/50 HPs)
             Began as a Demonspawn Warper on Apr 9, 2015.
             Was an Initiate of Dithmenos.
             Killed from afar by Huymann's ghost (19 damage)
             ... with a bolt of negative energy
             ... on level 6 of the Dungeon on Apr 10, 2015.
             The game lasted 01:16:47 (6189 turns).

RepoMan the Slasher (Demonspawn Warper)             Turns: 6189, Time: 01:16:47

Health: -1/50      AC: 11    Str: 11    XL:     7   Next: 10%
Magic:  13/15      EV: 11    Int: 15    God:    Dithmenos [......]
Gold:   203        SH:  0    Dex: 14    Spells: 3 memorised, 7 levels left

rFire  . . .     SeeInvis .     a - +0 falchion
rCold  . . .     Clarity  +     b - +0 leather armour
rNeg   . . .     SustAb   .     (no shield)
rPois  .         Gourm    .     x - +0 helmet
rElec  .         Spirit   .     h - +2 cloak
rCorr  .         Warding  .     (no gloves)
rMut   .         Stasis   .     (no boots)
MR     .....                    r - amulet of clarity
Stlth  +++++.....               j - +3 ring of protection
                                n - ring of stealth

@: very slightly contaminated, heavily drained, not resistant to hostile
enchantments, quite stealthy
A: talons 1, molten scales 1, nightstalker 2
a: Renounce Religion


You were on level 6 of the Dungeon.
You worshipped Dithmenos.
Dithmenos was noncommittal.
You were not hungry.

You visited 2 branches of the dungeon, and saw 7 of its levels.

You collected 203 gold pieces.

Inventory:

Hand weapons
 a - a +0 falchion (weapon)
Missiles
 A - 3 javelins (quivered)
Armour
 b - a +0 leather armour (worn)
 h - a +2 cloak (worn)
 x - a +0 helmet (worn)
Jewellery
 j - a +3 ring of protection (right hand)
 n - a ring of stealth (left hand)
 q - an uncursed ring of ice
 r - an amulet of clarity (around neck)
Scrolls
 d - 2 scrolls of blinking
 i - 2 scrolls of identify
 k - a scroll of remove curse
 u - a scroll of amnesia
 w - a scroll of fog
 y - a scroll of enchant armour {unknown}
Potions
 e - 2 potions of haste
 l - a potion of cure mutation {unknown}
 m - a potion of might {unknown}
 s - a potion of curing
 t - a potion of ambrosia {unknown}
 v - 4 potions of brilliance
 z - a potion of cancellation
 B - a potion of heal wounds {unknown}
Books
 c - a book of Spatial Translocations

   Spells                             Type                      Level
   a - Apportation                    Translocation                1
   b - Blink                          Translocation                2
   c - Shroud of Golubria             Charms/Translocation         2
   d - Portal Projectile              Translocation                3
   e - Teleport Other                 Translocation                3
   f - Passage of Golubria            Translocation                4
 g - a book of Unlife

   Spells                             Type                      Level
   a - Recall                         Summoning/Translocation      3
   b - Animate Dead                   Necromancy                   4
   c - Control Undead                 Necromancy                   4
   d - Cigotuvi's Embrace             Necromancy                   5
   e - Death Channel                  Necromancy                   6
   f - Simulacrum                     Ice/Necromancy               6
Comestibles
 f - 3 bread rations
 p - 4 meat rations


   Skills:
 - Level 2.0(0.5) Fighting
 * Level 4.3(2.8) Long Blades
 - Level 0.8(0.0) Throwing
 - Level 0.8(0.0) Armour
 - Level 1.7(0.3) Dodging
 * Level 3.7(2.2) Stealth
 + Level 3.4(1.9) Spellcasting
 + Level 4.0(2.5) Translocations


You had 7 spell levels left.
You knew the following spells:

 Your Spells              Type           Power        Failure   Level  Hunger
a - Apportation           Tloc           #.........   12%         1    ##.....
b - Blink                 Tloc           N/A          17%         2    ###....
c - Shroud of Golubria    Chrm/Tloc      #.........   30%         2    ###....


Dungeon Overview and Level Annotations

Branches:
Dungeon (6/15)             Temple (1/1) D:4

Altars:
Cheibriados
Dithmenos
Elyvilon
Gozag
Makhleb
Ru
Sif Muna
Vehumet
Yredelemnul
Zin

Annotations:
D:3 Natasha
D:4 Ijyb; RepoMan's ghost, experienced KoAM
D:5 exclusions: centaur and water moccasin
D:6 Huymann's ghost, experienced DrCj


Innate Abilities, Weirdness & Mutations

You have sharp toenails.
You are partially covered in molten scales (AC +1).
You are significantly more attuned to the shadows.


Message History

Dithmenos accepts your kill.
Cast which spell? (? or * to list)
You blink.
Huymann's ghost points at you and mumbles some strange words.
The magic dart hits you!
Casting: Blink
Confirm with . or Enter, or press ? or * to list all spells.
You blink.
Found 13 gold pieces.
Huymann's ghost screams, "I'll kill anyone who wants the ORB!"
Huymann's ghost breathes negative energy at you.
The bolt of negative energy hits you!
You feel drained.
Read which item? (? for menu, Esc to quit)
Blink to where?
Press: ? - help, Dir - move target cursor You are very lightly contaminated with residual magic.
As you read the scroll of blinking, it crumbles to dust.
Huymann's ghost breathes negative energy at you.
The bolt of negative energy hits you!
You feel drained.
You die...

#.......#######################
##...<........................#
####......####..............###..
...#......####..#.###.....#.#
...#........##..#.###.....#.###
._.'......#.##..#.....)...#...#
...#####....##..#####.....W.#$#
...# #.........#####.W...#...#
#### ##........@.....#.###..##
##.##.##(##.####.# #..#
#.##.##.##.# #.# #..#
#.##.##.##.. #.# #..#
#.##.##.###.# #.. #.. #.##.##. .#
#.# #.##.# . . ..# #.#


You could see Huymann's ghost.

Vanquished Creatures
  A phantom (D:5)
  An ogre (D:5)
  A scorpion (D:4)
  A crimson imp (D:5)
  A gnoll shaman (D:5)
  3 worker ants
  A hound skeleton (D:5)
  8 adders
  A worm (D:3)
  An adder skeleton (D:4)
  5 giant geckos
  7 orcs
  A ball python (D:3)
  2 bat skeletons
  7 giant cockroaches
  10 hobgoblins
  13 kobolds
  7 bats
  6 giant newts
  16 goblins
  10 rats
103 creatures vanquished.

Notes
Turn   | Place    | Note
--------------------------------------------------------------
     0 | D:1      | RepoMan, the Demonspawn Warper, began the quest for the Orb.
     0 | D:1      | Reached XP level 1. HP: 16/16 MP: 3/3
   403 | D:1      | Gained mutation: You are slightly more attuned to the shadows. [demonic ancestry]
   403 | D:1      | Reached XP level 2. HP: 13/22 MP: 4/4
   485 | D:1      | Learned a level 2 spell: Blink
   525 | D:1      | Reached skill level 3 in Translocations
   845 | D:1      | Learned a level 2 spell: Shroud of Golubria
   908 | D:1      | Gained mutation: You are partially covered in molten scales (AC +1). [demonic ancestry]
   908 | D:1      | Reached XP level 3. HP: 27/27 MP: 3/6
  1490 | D:1      | Reached XP level 4. HP: 33/33 MP: 8/8
  1954 | D:2      | Reached skill level 1 in Stealth
  2408 | D:2      | Found a radiant altar of Vehumet.
  3002 | D:3      | Gained mutation: You are significantly more attuned to the shadows. [demonic ancestry]
  3002 | D:3      | Reached XP level 5. HP: 35/38 MP: 9/9
  3058 | D:3      | Noticed Natasha
  3691 | D:4      | Found a staircase to the Ecumenical Temple.
  3700 | Temple   | Entered the Ecumenical Temple
  3755 | Temple   | Became a worshipper of Dithmenos the Shadowed
  4190 | D:4      | Noticed Ijyb
  4212 | D:4      | Noticed RepoMan's ghost (experienced KoAM)
  4951 | D:5      | Entered Level 5 of the Dungeon
  5089 | D:5      | Reached XP level 6. HP: 40/44 MP: 12/12
  5090 | D:5      | Noticed a phantom
  5090 | D:5      | Noticed an ogre
  5134 | D:5      | Killed an ogre
  5134 | D:5      | Reached skill level 4 in Long Blades
  5223 | D:5      | Killed a phantom
  5432 | D:5      | Noticed a water moccasin
  5447 | D:5      | Noticed a centaur
  5630 | D:5      | Gained mutation: You have sharp toenails. [demonic ancestry]
  5630 | D:5      | Reached XP level 7. HP: 50/50 MP: 15/15
  6126 | D:6      | Found a glowing silver altar of Zin.
  6172 | D:6      | Noticed Huymann's ghost (experienced DrCj)
  6189 | D:6      | Killed from afar by Huymann's ghost

Action                   |  1- 3 |  4- 6 |  7- 9 || total
-------------------------+-------+-------+-------++-------
Melee: Falchion          |   102 |   363 |    49 ||   514
Throw: Tomahawk          |     5 |       |       ||     5
       Javelin           |       |    22 |       ||    22
 Cast: Apportation       |     3 |     7 |       ||    10
       Blink             |     3 |     2 |     2 ||     7
       Shroud of Golubri |     2 |    19 |     2 ||    23
  Use: Scroll            |       |    12 |     1 ||    13
       Potion            |       |     1 |       ||     1
 Stab: Sleeping          |       |    21 |     3 ||    24
  Eat: Chunk             |     2 |    13 |     2 ||    17
       Beef jerky        |       |     2 |       ||     2
